 Dungeon Crawl Stone Soup version 0.29.0-11-gd7f09526c8 (webtiles) character file.

Game seed: 11265490185377912675

15387 Arcadio the Artisan of Death (level 12, -2/64 HPs)
             Began as a Vine Stalker Necromancer on Sept 4, 2022.
             Was a Priest of Kikubaaqudgha.
             Killed from afar by a rime drake (29 damage)
             ... with a flash freeze
             ... in an ice cave.
             The game lasted 01:00:13 (15003 turns).

Arcadio the Artisan of Death (VSNe)                Turns: 15003, Time: 01:00:14

Health: -2/64      AC: 14    Str: 11    XL:     12   Next: 26%
Magic:  0/27       EV: 13    Int: 23    God:    Kikubaaqudgha [***...]
Gold:   894        SH:  0    Dex: 18    Spells: 1/32 levels left

rFire   + + .      SeeInvis .   z - +3 dagger (venom)
rCold   . . .      Faith    .   (no shield)
rNeg    . . .      Spirit   +   f - +2 ring mail {rF+}
rPois   .          Reflect  .   A - +2 hat
rElec   .          Harm     .   H - +0 cloak
rCorr   .          Rampage  .   g - +3 pair of gauntlets of War {Slay+5}
Will    +....                   (no boots)
Stlth   +++++.....              i - amulet of regeneration
HPRegen 1.80/turn               x - ring of protection from fire
MPRegen 0.20/turn               K - ring of Atwidig {Int+6 Stlth+}

@: no status effects
A: fangs 3, regeneration 1, magic shield, antimagic bite, no potion heal 2
a: Renounce Religion, Unearth Wretches


You were in an ice cave.
You worshipped Kikubaaqudgha.
Kikubaaqudgha was most pleased with you.
You visited 4 branches of the dungeon, and saw 16 of its levels.
You also visited: Ice Cave.

You collected 1147 gold pieces.
You spent 253 gold pieces at shops.

Inventory:

Hand Weapons
 m - a +2 war axe of electrocution
 z - a +3 dagger of venom (weapon)
Armour
 f - a +2 ring mail of fire resistance (worn)
 g - the +3 pair of gauntlets of War (worn) {Slay+5}
   (You acquired it on level 9 of the Dungeon)

   Slay:      It affects your accuracy & damage with ranged weapons and melee
   (+5).
 A - a +2 hat (worn)
 H - a +0 cloak (worn)
Jewellery
 i - an amulet of regeneration (around neck)
 x - a ring of protection from fire (left hand)
 y - a ring of see invisible
 K - the ring of Atwidig (right hand) {Int+6 Stlth+}
   (You found it on level 7 of the Dungeon)

   [ring of intelligence]

   Int:       It affects your intelligence (+6).
   Stlth:     It makes you more stealthy.
Wands
 a - a wand of acid (5)
 b - a wand of flame (11)
 h - a wand of mindburst (11)
 s - a wand of roots (3)
 B - a wand of paralysis (11)
 F - a wand of polymorph (11)
Scrolls
 c - 2 scrolls of butterflies
 e - 2 scrolls of enchant armour
 j - 4 scrolls of poison
 l - 3 scrolls of teleportation
 n - 5 scrolls of immolation
 q - 5 scrolls of enchant weapon
 t - 4 scrolls of vulnerability
 u - 2 scrolls of blinking {unknown}
 w - 3 scrolls of noise {unknown}
 C - a scroll of silence
 E - 3 scrolls of summoning {unknown}
 L - a scroll of magic mapping {unknown}
Potions
 d - 2 potions of cancellation
 k - 3 potions of flight
 o - 2 potions of brilliance
 p - 5 potions of curing
 r - 4 potions of haste
 v - 2 potions of lignification
 D - a potion of resistance
 I - 2 potions of ambrosia
 J - 2 potions of invisibility
 M - 2 potions of might {unknown}
Miscellaneous
 G - a tin of tremorstones (2/2)


   Skills:
 + Level 7.8 Fighting
 + Level 0.5 Armour
 - Level 6.3 Dodging
 - Level 9.9 Stealth
 + Level 10.5 Spellcasting
 + Level 11.0 Necromancy


You had one spell level left.
You knew the following spells:

 Your Spells              Type           Power      Damage    Failure   Level
a - Vampiric Draining     Necr           58%        2d10      1%          3
b - Animate Dead          Necr           58%        N/A       1%          4
c - Dispel Undead         Necr           58%        3d21      1%          4
d - Agony                 Necr           58%        N/A       3%          5
e - Blink                 Tloc           24%        N/A       21%         2
f - Necrotise             Necr           100%       1d9       1%          1
g - Simulacrum            Ice/Necr       18%        N/A       90%         6
h - Sublimation of Blood  Necr           58%        N/A       1%          2
i - Anguish               Hex/Necr       18%        N/A       13%         4

Your spell library contained the following spells:

 Spells                   Type           Power      Damage    Failure   Level
 Foxfire                  Conj/Fire      48%        2x1d6     13%         1
 Slow                     Hex            48%        N/A       13%         1
 Ensorcelled Hibernation  Hex/Ice        24%        N/A       21%         2
 Static Discharge         Conj/Air       12%        3-5/arc   21%         2
 Death Channel            Necr           29%        N/A       22%         6
 Corpse Rot               Necr/Pois/Air  29%        N/A       28%         4
 Call Canine Familiar     Summ           12%        N/A       36%         3
 Confusing Touch          Hex            12%        N/A       36%         3
 Conjure Flame            Conj/Fire      12%        6-21      36%         3
 Ignite Poison            Fire/Tmut/Pois 12%        N/A       36%         3
 Inner Flame              Hex/Fire       12%        N/A       36%         3
 Ozocubu's Armour         Ice            12%        N/A       36%         3
 Portal Projectile        Hex/Tloc       24%        N/A       36%         3
 Spider Form              Tmut/Pois      12%        N/A       36%         3
 Animate Armour           Summ/Erth      24%        N/A       78%         4
 Flame Wave               Conj/Fire      12%        2d6       78%         4
 Hailstorm                Conj/Ice       12%        3d5       78%         4
 Ice Form                 Ice/Tmut       12%        N/A       78%         4
 Leda's Liquefaction      Hex/Erth       6%         N/A       78%         4
 Petrify                  Tmut/Erth      12%        N/A       78%         4
 Sticky Flame             Conj/Fire      12%        2d4       78%         4
 Blade Hands              Tmut           6%         N/A       98%         5
 Freezing Cloud           Conj/Ice/Air   6%         6-21      98%         5
 Irradiate                Conj/Tmut      6%         3d13      98%         5
 Manifold Assault         Tloc           12%        N/A       98%         5
 Metabolic Englaciation   Hex/Ice        6%         N/A       98%         5
 Iron Shot                Conj/Erth      6%         9d2       100%        6
 Statue Form              Tmut/Erth      8%         N/A       100%        6
 Dragon Form              Tmut           6%         N/A       100%        7
 Ozocubu's Refrigeration  Ice            6%         4d8       100%        7
 Storm Form               Tmut/Air       6%         N/A       100%        7
 Polar Vortex             Ice            6%         N/A       100%        9


Dungeon Overview and Level Annotations

Branches:
Dungeon (12/15) Zot: 26516  Temple (1/1) D:5 Zot: 5940    Lair (1/5) D:11 Zot: 5508
    Orc (2/2) D:9 Zot: 10485   IceCv (1/1) Zot: 5744
    Elf: Orc:2

Altars:
Ashenzari
Cheibriados
Dithmenos
Elyvilon
Fedhas
Gozag
Hepliaklqana
Kikubaaqudgha
Makhleb
Nemelex Xobeh
Okawaru
Qazlal
Ru
Sif Muna
Trog
Uskayaw
Vehumet
Wu Jian
Xom
Yredelemnul
Zin
The Shining One

Shops:
D:4 *   D:8 *   D:9 =   Orc:1 [

Annotations:
D:4 1 runed translucent door, ILmort's ghost, amateur OpTm
Orc:2 Saint Roka IceCv exclusion: ice statue


Innate Abilities, Weirdness & Mutations

You have razor-sharp teeth.
Your natural rate of healing is unusually fast.
When hurt, damage is shared between your health and your magic reserves.
Your bite disrupts and absorbs the magic of your enemies.
Potions cannot restore your health.


Message History

The flash freeze hits you!
You are encased in ice.
Your rime drake zombie barely misses the komodo dragon simulacrum.
The komodo dragon simulacrum bites you but does no damage.
Casting: Dispel Undead (dangerous; 1% risk of failure)
Confirm with . or Enter, or press ? or * to list all spells.
Aiming: Dispel Undead (dangerous; 1% risk of failure)
Press: ? - help, Shift-Dir - straight line, f/p - komodo dragon simulacrum
Aim: a komodo dragon simulacrum (almost destroyed, ally target, 100% to hit)
The komodo dragon simulacrum is dispelled!!!
The komodo dragon simulacrum vaporises!
Kikubaaqudgha accepts your kill.
Your rime drake zombie bites the steam dragon simulacrum.
The steam dragon simulacrum bites you but does no damage.
The steam dragon simulacrum barely misses you.
Casting: Dispel Undead (dangerous; 1% risk of failure)
Confirm with . or Enter, or press ? or * to list all spells.
Aiming: Dispel Undead (dangerous; 1% risk of failure)
Press: ? - help, Shift-Dir - straight line, f - steam dragon simulacrum
Aim: a steam dragon simulacrum (heavily damaged, ally target, 100% to hit)
The steam dragon simulacrum is dispelled!!!
The steam dragon simulacrum vaporises!
Kikubaaqudgha accepts your kill. The ice encasing you melts away.
Your rime drake zombie bites the acid dragon simulacrum.
The acid dragon simulacrum bites you. The acid dragon simulacrum freezes you!
The acid dragon simulacrum claws you but does no damage.
Casting: Dispel Undead (dangerous; 1% risk of failure)
Confirm with . or Enter, or press ? or * to list all spells.
You don't have enough magic to cast this spell.
Unknown command.
Casting: Dispel Undead (dangerous; 1% risk of failure)
Confirm with . or Enter, or press ? or * to list all spells.
You don't have enough magic to cast this spell.
Your rime drake zombie bites the acid dragon simulacrum.
The rime drake breathes ice at you.
The flash freeze misses your rime drake zombie.
The flash freeze hits you!!
You die...
Kikubaaqudgha rasps: "You have failed me!
Welcome... death!"

.#####..#..............
## ###...............
...............
#..............
......k......#
##.......... #8#.○Z.#
### ###.Z# ..## #.@##
#..# #####..## #..#
###.####..# .Z##
###.....#...#
.#.#####...#.#....##
..##.#...#####...##
#......### #...##
###.#### ##...# ###
##...##


You could see a rime drake (catching breath), an acid dragon simulacrum (ally
target) and a friendly rime drake zombie.

Vanquished Creatures
  A centaur warrior (D:11)
  A boulder beetle (D:11)
  An orc high priest (Orc:1)
  A deep elf pyromancer (D:11)
  2 cyclopes
  A naga mage (D:11)
  A rime drake (IceCv)
  An unseen horror (D:10)
  A gargoyle (D:10)
  3 komodo dragons
  2 trolls
  2 wraiths
  16 yaks
  3 wyverns
  2 vampires
  3 basilisks
  A death yak simulacrum (Lair:1)
  2 vampire mosquitoes (D:11)
  A warg (Orc:1)
  5 water moccasins
  An acid dragon (D:11)
  2 sky beasts (D:7)
  2 ice beasts (D:6)
  A swamp drake (D:11)
  7 orc warriors
  A black bear (D:8)
  An ogre (Orc:1)
  5 wolves
  2 centaurs (D:11)
  3 phantoms
  Blork the orc (D:5)
  3 kobold brigands
  9 bullfrogs
  A gnoll sergeant (D:6)
  2 scorpions
  6 wights
  2 lindwurm simulacra (IceCv)
  An elephant simulacrum (Lair:1)
  3 killer bees (D:8)
  6 howler monkeys
  An electric eel (Lair:1)
  3 hounds
  4 komodo dragon simulacra (IceCv)
  A jelly (D:5)
  5 orc priests
  5 iguanas
  8 orc wizards
  Ijyb (D:5)
  A wolf simulacrum (Lair:1)
  2 gnolls (D:6)
  3 acid dragon simulacra (IceCv)
  4 adders
  3 white imps
  2 ufetubi (D:7)
  2 steam dragon simulacra (IceCv)
  A worm (D:2)
  3 dart slugs
  30 orcs
  3 bats
  3 endoplasms
  A giant cockroach (D:2)
  3 goblins
  6 hobgoblins
  A quokka (D:2)
  4 ball pythons
  3 frilled lizards
  21 kobolds
  5 rats
238 creatures vanquished.

Vanquished Creatures (collateral kills)
  A two-headed ogre (D:11)
  A cyclops (D:11)
  A troll (D:11)
  4 centaurs (D:11)
  2 killer bees (D:8)
  An orc priest (D:8)
  A hound (D:5)
  A gnoll (D:6)
  3 orcs (D:8)
  2 kobolds
17 creatures vanquished.

Vanquished Creatures (others)
  A centaur warrior (D:11)
  A cyclops (D:11)
  A manticore (D:11)
  2 centaur zombies (D:11)
  A tengu conjurer (D:11)
  A troll (D:8)
  A slime creature (D:11)
  A wyvern (D:8)
  A steam dragon (D:8)
  A manticore zombie (D:11)
  2 cyclops zombies (D:11)
  2 killer bee zombies (D:8)
  An adder (D:11)
  2 orcs (D:11)
  A hobgoblin (D:8)
  A hobgoblin zombie (D:8)
  2 kobolds
  2 orc zombies (D:11)
  A plant (Lair:1)
25 creatures vanquished.

Grand Total: 280 creatures vanquished

Notes
Turn   | Place    | Note
-------+----------+-------------------------------------------
     0 | D:1      | Arcadio the Vine Stalker Necromancer began the quest for
                  | the Orb.
     0 | D:1      | Reached XP level 1. HP: 9/9 MP: 4/4
   403 | D:1      | Reached XP level 2. HP: 13/13 MP: 3/6
  1343 | D:2      | Found a sacrificial altar of Ru.
  1356 | D:2      | Reached XP level 3. HP: 14/16 MP: 1/8
  1998 | D:3      | Learned a level 3 spell: Vampiric Draining
  2001 | D:3      | Learned a level 2 spell: Blink
  2761 | D:3      | Found a faded altar of an unknown god.
  2833 | D:4      | Noticed a kobold brigand
  3660 | D:4      | Gained mutation: Your natural rate of healing is unusually
                  | fast. [Vine Stalker growth]
  3660 | D:4      | Reached XP level 4. HP: 21/21 MP: 4/9
  3663 | D:4      | Found a runed translucent door.
  3730 | D:4      | Noticed ILmort's ghost (amateur OpTm)
  3811 | D:4      | Found a white marble altar of Elyvilon.
  3818 | D:4      | Reached XP level 5. HP: 24/24 MP: 9/11
  4175 | D:4      | Found Niraucs's General Store.
  4180 | D:4      | Bought a scroll of teleportation for 36 gold pieces
  4240 | D:4      | Found a shimmering blue altar of Sif Muna.
  4282 | D:5      | Entered Level 5 of the Dungeon
  4296 | D:5      | Reached skill level 5 in Necromancy
  4340 | D:5      | Noticed Ijyb
  4346 | D:5      | Killed Ijyb
  4347 | D:5      | Reached XP level 6. HP: 28/28 MP: 6/12
  4471 | D:5      | Reached skill level 5 in Stealth
  4484 | D:5      | Noticed a water moccasin
  4502 | D:5      | Killed a water moccasin
  4589 | D:5      | Reached XP level 7. HP: 32/32 MP: 10/14
  4647 | D:5      | Found a shimmering altar of Xom.
  4701 | D:5      | Noticed Blork the orc
  4716 | D:5      | Killed Blork the orc
  4728 | D:5      | Reached skill level 5 in Spellcasting
  4728 | D:5      | Reached skill level 6 in Necromancy
  5056 | D:5      | Found a staircase to the Ecumenical Temple.
  5073 | Temple   | Entered the Ecumenical Temple
  5099 | Temple   | Became a worshipper of Kikubaaqudgha
  5246 | D:6      | Gained mutation: You have razor-sharp teeth. [Vine Stalker
                  | growth]
  5246 | D:6      | Reached XP level 8. HP: 36/36 MP: 15/17
  5729 | D:6      | Reached skill level 1 in Fighting
  5729 | D:6      | Reached skill level 7 in Necromancy
  6312 | D:7      | Reached XP level 9. HP: 41/42 MP: 17/19
  6623 | D:7      | Identified the ring of Atwidig {Int+6 Stlth+}
  6638 | D:7      | Learned a level 5 spell: Agony
  6643 | D:7      | Learned a level 4 spell: Dispel Undead
  6648 | D:7      | Learned a level 4 spell: Animate Dead
  6657 | D:7      | Reached * piety under Kikubaaqudgha
  6657 | D:7      | Received a gift from Kikubaaqudgha
  7359 | D:8      | Reached skill level 8 in Necromancy
  7374 | D:8      | Noticed a cyclops
  7420 | D:8      | Found Mamen's Assorted Antiques.
  7893 | D:8      | Found a broken altar of Ashenzari.
  8091 | D:9      | Identified the +0 robe of Makhleb's Reproof {rN+}
  8147 | D:9      | Reached XP level 10. HP: 50/50 MP: 22/22
  8168 | D:9      | Found a shadowy altar of Dithmenos.
  8308 | D:9      | Found Qemuipnilo's Jewellery Shop.
  8352 | D:9      | Identified a scroll of acquirement
  8353 | D:9      | Acquired the +3 pair of gauntlets of War {Slay+5}
  8353 | D:9      | Found the +3 pair of gauntlets of War {Slay+5}
  8536 | D:9      | Found a staircase to the Orcish Mines.
  8582 | Orc:1    | Entered Level 1 of the Orcish Mines
  8810 | Orc:1    | Reached ** piety under Kikubaaqudgha
  8942 | Orc:1    | Noticed an orc high priest
  8948 | Orc:1    | Noticed a sixfirhy
  8953 | Orc:1    | Killed an orc high priest
  8963 | Orc:1    | Reached skill level 5 in Fighting
  8963 | Orc:1    | Reached skill level 9 in Necromancy
  9371 | Orc:1    | Learned a level 6 spell: Simulacrum
  9394 | Orc:1    | Found Xanurr's Antique Armour Shop.
 10029 | Orc:1    | You fall into a shaft and drop 1 floor!
 10029 | Orc:2    | Entered Level 2 of the Orcish Mines
 10029 | Orc:2    | Noticed an orc sorcerer
 10044 | Orc:2    | Noticed a two-headed ogre
 10053 | Orc:2    | Noticed a two-headed ogre
 10054 | Orc:2    | Noticed a two-headed ogre
 10065 | Orc:2    | Noticed an ogre mage
 10065 | Orc:2    | Noticed an ogre mage
 10065 | Orc:2    | Noticed a two-headed ogre
 10078 | Orc:2    | Noticed a two-headed ogre
 10079 | Orc:2    | Noticed a two-headed ogre
 10081 | Orc:2    | Noticed Saint Roka
 10510 | Orc:1    | Bought a runed ring mail for 217 gold pieces
 10541 | Orc:2    | Noticed an orc sorcerer
 10670 | D:10     | Entered Level 10 of the Dungeon
 10712 | D:10     | Found a sacrificial altar of Ru.
 10719 | D:10     | Found a bloodstained altar of Trog.
 10736 | D:10     | Found a radiant altar of Vehumet.
 11056 | D:10     | Reached XP level 11. HP: 48/56 MP: 2/25
 12169 | D:11     | Learned a level 2 spell: Sublimation of Blood
 12234 | D:11     | Reached skill level 10 in Necromancy
 12254 | D:11     | Noticed a cyclops
 12380 | D:11     | Noticed a cyclops
 12475 | D:11     | Noticed a deep elf pyromancer
 12478 | D:11     | Killed a deep elf pyromancer
 12488 | D:11     | Identified the +2 pair of gloves of Hedging {Slay+5}
 12496 | D:11     | Noticed a boulder beetle
 12961 | D:11     | Killed a cyclops
 12962 | D:11     | Reached skill level 5 in Dodging
 13010 | D:11     | Killed a boulder beetle
 13180 | D:11     | Noticed a two-headed ogre
 13302 | D:11     | Killed a cyclops
 13463 | D:11     | Killed a two-headed ogre
 13635 | D:11     | Reached skill level 10 in Spellcasting
 13776 | D:11     | You fall into a shaft and drop 1 floor!
 13889 | D:11     | Found a staircase to the Lair.
 14136 | Lair:1   | Entered Level 1 of the Lair of Beasts
 14145 | D:11     | Reached XP level 12. HP: 59/63 MP: 24/27
 14658 | Lair:1   | Reached *** piety under Kikubaaqudgha
 14658 | Lair:1   | Received a gift from Kikubaaqudgha
 14689 | Lair:1   | Reached skill level 11 in Necromancy
 14740 | Lair:1   | Found a frozen archway.
 14749 | IceCv    | Entered an ice cave
 14765 | IceCv    | Learned a level 4 spell: Anguish
 15003 | IceCv    | Killed from afar by a rime drake

Illustrated notes

Levels and vault maps discovered:
D:1:      dpeg_arrival_windows_large_door, layout_basic, serial_bayou_ford_a,
          nrook_mini_backslash
D:2:      layout_loops_corners, minmay_hexomino_r4
D:3:      layout_basic, chequers_ecumenical_altar_lobes
D:4:      layout_basic, lemuel_blue_sif_altar, mainiacjoe_overflow_catwalk,
          ebering_ghost_sewer_d, serial_shops, shop
D:5:      wad_pebble_path, layout_rooms, lemuel_tele_altar,
          minmay_temple_entry_proselytizer, minmay_misc_feat_four_crosses,
          nicolae_sextant, uniq_blork_the_orc, uniq_ijyb
D:6:      layout_loops_ring, minivault_24, chequers_hall_statues_wall_a
D:7:      layout_loops_corners, st_stairs_14, kennysheep_generic_room_15
D:8:      layout_cave_pools, mainiacjoe_overflow_alcove_4, serial_shops,
          nicolae_shop_hallway_plus, minmay_strange_pillars
D:9:      layout_roguey, nicolae_dithmenos_the_darkroom, orc_0_dummy,
          serial_shops, nicolae_shop_crystal, chequers_serial_rivers_room_b
D:10:     layout_basic, overflow_temple_1_default,
          mainiacjoe_overflow_catwalk_spiral, minmay_puff
D:11:     layout_rooms, erik_lair_dragon, minmay_librarian
D:12:     layout_loops_cross, uniq_kirke, uniq_maurice
Temple:   nicolae_temple_ecumenical_triangle
Lair:1:   layout_gridlike, portal_ice_cave_entry_ice_simulacra,
          nicolae_quartered_pool_medium, disabler_island
Orc:1:    layout_caves, serial_shops, shop
Orc:2:    st_orc_ogre_mass, layout_caves, uniq_donald, uniq_saint_roka
IceCv:    ice_cave_small_dragons

Skill      XL: |  1  2  3  4  5  6  7  8  9 10 11 12 |
---------------+-------------------------------------+-----
Stealth        | 3 4 5 7 8 9 |  9.9
Spellcasting   | 3 4 5 6 7 9 10 | 10.5
Necromancy     | 5 6 7 8 9 10 11 | 11.0
Fighting       | 2 4 5 7 |  7.8
Dodging        | 2 4 5 6 |  6.3
Armour         | |  0.5

Action                   |  1- 3 |  4- 6 |  7- 9 | 10-12 || total
-------------------------+-------+-------+-------+-------++-------
Melee: Dagger            |    52 |    21 |   253 |   341 ||   667
       Bite              |    16 |     7 |    88 |   140 ||   251
       Punch             |     1 |       |     6 |     7 ||    14
 Cast: Necrotise         |    37 |    22 |    17 |     7 ||    83
       Vampiric Draining |       |     2 |     2 |    26 ||    30
       Animate Dead      |       |       |     2 |     7 ||     9
       Dispel Undead     |       |       |       |    10 ||    10
Invok: Unearth Wretches  |       |       |     2 |     3 ||     5
Evoke: Wand              |       |       |       |     3 ||     3
  Use: Scroll            |     8 |       |     8 |    11 ||    27
       Potion            |       |       |     2 |     3 ||     5
 Stab: Sleeping          |     6 |     2 |    24 |    16 ||    48
       Paralysed         |       |       |     3 |     1 ||     4
       Distracted        |       |       |       |     1 ||     1
Armor: Robe              |    10 |    11 |    79 |    31 ||   131
       Ring mail         |       |       |       |   178 ||   178
Dodge: Dodged            |    27 |    13 |   137 |   269 ||   446
